 Dungeon Sprint DCSS version 0.19-a0-895-gdbd5520 (webtiles) character file.

11421 LORDOFBUTT the Phalangite (level 11, -3/127 HPs)
             Began as a Minotaur Berserker on July 5, 2016.
             Was the Champion of Trog.
             Slain by a sun demon (12 damage)
             ... summoned by an orc sorcerer
             ... in the Dungeon (Sprint IX: "|||||||||||||||||||||||||||||").
             The game lasted 00:05:24 (1790 turns).

LORDOFBUTT the Phalangite (Minotaur Berserker)      Turns: 1790, Time: 00:05:24

Health: -3/127     AC: 12    Str: 22    XL:     11   Next: 49%
Magic:  3/3        EV: 11    Int:  4    God:    Trog [******]
Gold:   1162       SH:  0    Dex: 13    Spells: 0 memorised, 10 levels left

rFire  . . .     SeeInvis .     c - +6 bardiche (antimagic)
rCold  . . .     Gourm    .     p - +1 chain mail
rNeg   . . .     Faith    .     (shield currently unavailable)
rPois  .         Spirit   .     (helmet restricted)
rElec  .         Dismiss  .     (no cloak)
rCorr  .         Reflect  .     (no gloves)
SustAt .         Harm     .     (no boots)
MR     .....     NoTele   +     (no amulet)
Stlth  ..........               o - +2 ring of evasion
                                n - +2 ring of protection

@: exhausted, slowed, very slow, not resistant to hostile enchantments,
extremely unstealthy
A: retaliatory headbutt, horns 2
a: Berserk, Trog's Hand, Brothers in Arms, Burn Spellbooks, Renounce Religion


You were in the Dungeon.
You worshipped Trog.
Trog was exalted by your worship.
You were not hungry.

You visited 1 branch You collected 1162 gold pieces.

Inventory:

Hand Weapons
 c - a +6 antimagic bardiche (weapon)
Armour
 p - a +1 chain mail (worn)
Jewellery
 n - a +2 ring of protection (left hand)
 o - a +2 ring of evasion (right hand)
Wands
 l - a wand of acid (5/15)
 w - a wand of digging (14/24)
Scrolls
 i - 5 scrolls of blinking
 k - 3 scrolls of remove curse
 t - a scroll of recharging
 u - 2 scrolls of enchant weapon
Potions
 b - a potion of resistance
 d - 6 potions of curing
 g - 4 potions of magic
 h - 2 potions of berserk rage
 j - a potion of invisibility
 q - a potion of might
 r - a potion of brilliance
Comestibles
 a - a slice of pizza
 f - 40 fruits
 m - 12 bread rations
 v - 11 meat rations


   Skills:
 + Level 21.4 Fighting
 + Level 22.4 Polearms
 - Level 4.1 Armour
 - Level 3.7 Dodging


You had 10 spell levels left.
You didn't know any spells.

Dungeon Overview and Level Annotations

Branches:
Dungeon (1/1)

Altars:
Cheibriados
Dithmenos
Elyvilon
Fedhas
Gozag
Hepliaklqana
Kikubaaqudgha
Makhleb
Nemelex Xobeh
Okawaru
Pakellas
Qazlal
Ru
Sif Muna
Trog
Uskayaw
Vehumet
Xom
Yredelemnul
Zin
The Shining One
Beogh
Jiyva
Lugonu

Shops:
D [(}(


Innate Abilities, Weirdness & Mutations

You reflexively headbutt those who attack you in melee.
You have a pair of horns on your head.


Message History

Evoke which item? (* to show all) (? for menu, Esc to quit)
Zapping:
l - a wand of acid (7/15)
Press: ? - help, Shift-Dir - straight line, f - sun demon
Aim: a sun demon (black smoke, heavily wounded, summoned)
The bolt of acid hits the sun demon.
The sun demon is heavily wounded.
This wand has 6 charges left.
Evoke which item? (* to show all) (? for menu, Esc to quit)
Zapping:
l - a wand of acid (6/15)
Press: ? - help, Shift-Dir - straight line, f/p - sun demon
Aim: a sun demon (heavily wounded, summoned)
The bolt of acid hits the sun demon.
The acid corrodes the sun demon!
The sun demon is severely wounded.
The bolt of acid hits the sun demon.
The acid corrodes the sun demon!
The sun demon is lightly wounded.
This wand has 5 charges left.
The orc sorcerer casts a spell.
Your stone giant goes berserk!
You feel quite a bit more hungry. The sun demon hits you!
You die...

▓.▓.▓.▓.▓[▓
▓o▓.▓.▓.▓[▓
▓)▓.▓.▓.▓)▓
▓4▓.▓.▓.▓|▓
▓$▓.▓.▓.▓?▓
▓3▓.▓÷▓.▓.▓
▓)▓.▓)▓.▓'▓
▓3▓.▓)▓.▓_▓
▓@▓.▓.▓.▓_▓
▓C▓.▓.▓.▓_▓
▓.▓.▓.▓.▓_▓
▓.▓.▓.▓.▓_▓
▓.▓.▓÷▓.▓_▓
▓.▓.▓÷▓.▓_▓
▓)▓.▓÷▓.▓_▓
▓)▓.▓.▓.▓_▓
▓)▓.▓†▓.▓_▓


You could see 2 sun demons, a rust devil, an orc sorcerer and a friendly stone
giant (berserk).

Vanquished Creatures
  A catoblepas (D)
  2 centaur warriors (D)
  3 death yaks (D)
  A hill giant (D)
  3 orc knights (D)
  An orc sorcerer (D)
  Psyche (D)
  2 torpor snails (D)
  A spiny frog (D)
  A two-headed ogre (D)
  6 yaks (D)
  A wraith (D)
  A shadow (D)
  A wyvern (D)
  A basilisk (D)
  A hippogriff (D)
  2 porcupines (D)
  A water moccasin (D)
  An eye of draining (D)
  3 orc warriors (D)
  A centaur (D)
  4 giant frogs (D)
  A howler monkey (D)
  4 orc priests (D)
  A hound (D)
  12 orc wizards (D)
  An iguana (D)
  A sheep (D)
  An adder (D)
  2 river rats (D)
  An ooze (D)
  4 orcs (D)
  A bat zombie (D)
  A goblin (D)
  A jackal (D)
  3 giant newts (D)
73 creatures vanquished.

Vanquished Creatures (collateral kills)
  A hydra (D)
  An orc sorcerer (D)
  8 orc warriors (D)
10 creatures vanquished.

Vanquished Creatures (others)
  A spatial maelstrom (D)
1 creature vanquished.

Grand Total: 84 creatures vanquished

Notes
Turn   | Place    | Note
-------+----------+-------------------------------------------
     0 | D        | LORDOFBUTT the Minotaur Berserker began the quest for the Orb.
     0 | D        | Reached XP level 1. HP: 19/19 MP: 0/0
     1 | D        | Banished a spatial maelstrom
     7 | D        | Reached ** piety under Trog
    17 | D        | Reached skill level 4 in Polearms
    24 | D        | Noticed an orc priest
    24 | D        | Noticed a hound
    28 | D        | Killed a hound
    28 | D        | Reached *** piety under Trog
    28 | D        | Reached skill level 5 in Polearms
    28 | D        | Reached XP level 2. HP: 30/30 MP: 1/1
    28 | D        | Reached XP level 3. HP: 37/37 MP: 2/2
    32 | D        | Reached skill level 6 in Polearms
    32 | D        | Reached XP level 4. HP: 47/47 MP: 3/3
    34 | D        | Reached **** piety under Trog
   121 | D        | Found a glowing silver altar of Zin.
   121 | D        | Found a glowing golden altar of the Shining One.
   121 | D        | Found an ancient bone altar of Kikubaaqudgha.
   121 | D        | Found a basalt altar of Yredelemnul.
   121 | D        | Found a shimmering altar of Xom.
   121 | D        | Found a radiant altar of Vehumet.
   122 | D        | Found an iron altar of Okawaru.
   123 | D        | Found a burning altar of Makhleb.
   124 | D        | Found a deep blue altar of Sif Muna.
   125 | D        | Found a bloodstained altar of Trog.
   126 | D        | Found a sparkling altar of Nemelex Xobeh.
   127 | D        | Found a white marble altar of Elyvilon.
   128 | D        | Found a roughly hewn altar of Beogh.
   129 | D        | Found a viscous altar of Jiyva.
   130 | D        | Found a corrupted altar of Lugonu.
   131 | D        | Found a blossoming altar of Fedhas.
   132 | D        | Found a snail-covered altar of Cheibriados.
   133 | D        | Found a shadowy altar of Dithmenos.
   134 | D        | Found a stormy altar of Qazlal.
   135 | D        | Found an opulent altar of Gozag.
   136 | D        | Found a sacrificial altar of Ru.
   137 | D        | Found an oddly glowing altar of Pakellas.
   138 | D        | Found a hide-covered altar of Uskayaw.
   139 | D        | Found a hazy altar of Hepliaklqana.
   181 | D        | Noticed a centaur
   181 | D        | Noticed a giant frog
   181 | D        | Noticed a two-headed ogre
   181 | D        | Noticed an eye of draining
   186 | D        | Killed an eye of draining
   186 | D        | Reached skill level 9 in Polearms
   186 | D        | Reached XP level 5. HP: 57/57 MP: 0/4
   194 | D        | Reached skill level 10 in Fighting
   194 | D        | Reached skill level 10 in Polearms
   198 | D        | Killed a two-headed ogre
   198 | D        | Reached ***** piety under Trog
   198 | D        | Reached skill level 11 in Polearms
   198 | D        | Reached XP level 6. HP: 70/70 MP: 0/5
   200 | D        | Reached skill level 12 in Polearms
   205 | D        | Reached XP level 7. HP: 77/78 MP: 0/6
   309 | D        | Noticed a shadow
   309 | D        | Noticed a centaur warrior
   309 | D        | Noticed a centaur warrior
   309 | D        | Noticed a wraith
   309 | D        | Noticed a hill giant
   309 | D        | Noticed a wyvern
   313 | D        | Killed a hill giant
   313 | D        | Reached skill level 14 in Polearms
   313 | D        | Reached XP level 8. HP: 90/90 MP: 7/7
   318 | D        | Reached skill level 15 in Fighting
   322 | D        | Killed a centaur warrior
   322 | D        | Reached skill level 16 in Polearms
   322 | D        | Reached XP level 9. HP: 100/100 MP: 8/8
   327 | D        | Killed a centaur warrior
   330 | D        | Reached skill level 17 in Polearms
   522 | D        | Noticed a spiny frog
   527 | D        | Killed a spiny frog
   527 | D        | Received a gift from Trog
   531 | D        | Noticed a torpor snail
   534 | D        | Noticed a five-headed hydra
   544 | D        | Reached skill level 18 in Polearms
   547 | D        | Killed a torpor snail
   547 | D        | Received a gift from Trog
   547 | D        | Reached XP level 10. HP: 56/114 MP: 9/9
   552 | D        | Killed a five-headed hydra
   826 | D        | Noticed a torpor snail
   843 | D        | Killed a torpor snail
   843 | D        | Received a gift from Trog
   843 | D        | Reached skill level 19 in Polearms
   844 | D        | Reached ****** piety under Trog
   874 | D        | Noticed a death yak
   874 | D        | Noticed a death yak
   876 | D        | Noticed a death yak
   880 | D        | Killed a death yak
   882 | D        | Killed a death yak
   882 | D        | Received a gift from Trog
   882 | D        | Reached skill level 20 in Polearms
   888 | D        | Noticed a catoblepas
   894 | D        | Killed a death yak
   924 | D        | Killed a catoblepas
   924 | D        | Received a gift from Trog
   924 | D        | Reached skill level 21 in Polearms
   924 | D        | Reached XP level 11. HP: 26/126 MP: 3/10
  1276 | D        | Noticed Psyche
  1284 | D        | Killed Psyche
  1366 | D        | Noticed an orc knight
  1371 | D        | Received a gift from Trog
  1379 | D        | Killed an orc knight
  1382 | D        | Received a gift from Trog
  1384 | D        | Noticed an orc knight
  1397 | D        | HP: 2/126 [orc priest/divine providence (13)]
  1399 | D        | Killed an orc knight
  1432 | D        | Noticed an orc knight
  1440 | D        | Killed an orc knight
  1444 | D        | Received a gift from Trog
  1447 | D        | Reached skill level 22 in Polearms
  1453 | D        | Received a gift from Trog
  1745 | D        | Found Nuemonwo's Weapon Boutique.
  1747 | D        | Noticed an orc sorcerer
  1747 | D        | Received a gift from Trog
  1755 | D        | Found Poocyan's Gadget Shop.
  1757 | D        | Killed an orc sorcerer
  1759 | D        | Received a gift from Trog
  1761 | D        | Found Pelelad's Weapon Boutique.
  1763 | D        | Found Looraopp's Antique Armour Shop.
  1765 | D        | Noticed an orc sorcerer
  1766 | D        | Noticed a soul eater
  1767 | D        | Received a gift from Trog
  1768 | D        | Noticed an orc sorcerer
  1770 | D        | Noticed an orc sorcerer
  1771 | D        | Noticed a soul eater
  1781 | D        | Noticed a sun demon
  1782 | D        | Noticed a sun demon
  1782 | D        | HP: 5/127 [orc sorcerer/dagger (2)]
  1785 | D        | Killed an orc sorcerer
  1790 | D        | Slain by a sun demon

Vault maps used:
D:        linesprint

Skill      XL: |  1  2  3  4  5  6  7  8  9 10 11 |
---------------+----------------------------------+-----
Fighting       | 6 7 9 12 14 16 18 20 21 | 21.4
Polearms       | 5 6 9 11 12 14 16 18 21 22 | 22.4
Armour         | 3 4 |  4.1
Dodging        | 3 |  3.7

Action                   |  1- 3 |  4- 6 |  7- 9 | 10-12 || total
-------------------------+-------+-------+-------+-------++-------
Melee: Spear             |    21 |    21 |       |       ||    42
       Headbutt          |       |     6 |     5 |    27 ||    38
       Halberd           |       |       |    44 |     2 ||    46
       Glaive            |       |       |       |    52 ||    52
       Bardiche          |       |       |       |    74 ||    74
Invok: Berserk           |     1 |     1 |     1 |     4 ||     7
       Brothers in Arms  |       |       |       |     4 ||     4
       Burn Spellbooks   |       |       |       |     1 ||     1
Evoke: Wand              |       |       |       |     2 ||     2
  Use: Potion            |       |       |       |     3 ||     3
  Eat: Chunk             |       |       |     2 |     2 ||     4
       Meat ration       |       |       |       |     1 ||     1
       Bread ration      |       |       |       |     1 ||     1
Armor: Animal skin       |     1 |       |       |       ||     1
       Chain mail        |       |     2 |     8 |    40 ||    50
Dodge: Dodged            |     9 |     3 |     8 |    31 ||    51
